 Dungeon Crawl Stone Soup version 0.18-a0-1-gfac8111 (webtiles) character file.

842 mrath the Digger (level 8, -1/41 HPs)
             Began as a Gargoyle Earth Elementalist on Oct 31, 2015.
             Slain by a scorpion (3 damage)
             ... on level 5 of the Dungeon.
             The game lasted 00:48:38 (7070 turns).

mrath the Digger (Gargoyle Earth Elementalist)      Turns: 7070, Time: 00:48:38

Health: -1/41      AC: 13    Str: 12    XL:     8   Next: 0%
Magic:  1/17       EV: 12    Int: 18    God:
Gold:   142        SH:  0    Dex: 10    Spells: 3 memorised, 13 levels left

rFire  . . .     SeeInvis .     A - +3 mace
rCold  . . .     Clarity  .     b - +0 robe
rNeg   + . .     SustAt   .     (no shield)
rPois  ∞         Gourm    .     g - +0 helmet (curse)
rElec  +         Spirit   .     r - +0 cloak
rCorr  .         Warding  .     (no gloves)
rMut   .         Stasis   .     v - +0 pair of boots (curse)
MR     .....                    (no amulet)
Stlth  ++........               (no ring)
                                (no ring)

@: stone skin, not resistant to hostile enchantments, unstealthy
A: negative energy resistance 1, electricity resistance, unbreathing,
petrification resistance, rot immunity, AC +5
a: no special abilities


You were on level 5 of the Dungeon.
You were not hungry.

You visited 1 branch of the dungeon, and saw 5 of its levels.

You collected 142 gold pieces.

Inventory:

Hand Weapons
 q - a +0 mace
 t - a +0 whip
 A - a +3 mace (weapon)
 D - a +1 hand axe of chopping
Missiles
 a - 28 stones (quivered)
 l - 12 poisoned needles
Armour
 b - a +0 robe (worn)
 f - a +0 buckler
 g - a cursed +0 helmet (worn)
 r - a +0 cloak (worn)
 v - a cursed +0 pair of boots (worn)
Jewellery
 z - an uncursed ring of positive energy {unknown}
Scrolls
 e - 2 scrolls of noise {unknown}
 i - a scroll of random uselessness {unknown}
 k - a scroll of enchant armour {unknown}
 p - 2 scrolls of blinking {unknown}
 w - a scroll of amnesia {unknown}
 x - 2 scrolls of teleportation {unknown}
 y - a scroll of identify {unknown}
Potions
 j - 2 potions of brilliance {unknown}
 m - a potion of mutation {unknown}
 n - a potion of agility {unknown}
 o - a potion of heal wounds {unknown}
 s - a potion of haste {unknown}
 u - 3 potions of lignification {unknown}
 B - a potion of might {unknown}
 C - a potion of curing {unknown}
Books
 c - a book of Geomancy

   Spells                             Type                      Level
   a - Sandblast                      Earth                        1
   b - Stoneskin                      Transmutation/Earth          2
   c - Passwall                       Transmutation/Earth          3
   d - Stone Arrow                    Conjuration/Earth            3
   e - Petrify                        Transmutation/Earth          4
   f - Lee's Rapid Deconstruction     Earth                        5
 h - a Necronomicon

   Spells                             Type                      Level
   a - Haunt                          Necromancy/Summoning         7
   b - Borgnjor's Revivification      Necromancy                   8
   c - Death's Door                   Charms/Necromancy            8
   d - Necromutation                  Transmutation/Necromancy     8
Comestibles
 d - 4 bread rations


   Skills:
 + Level 0.2 Fighting
 + Level 0.4 Maces & Flails
 + Level 0.2 Armour
 + Level 1.7 Dodging
 - Level 2.1 Stealth
 + Level 0.9 Shields
 * Level 6.1 Spellcasting
 + Level 3.6 Conjurations
 - Level 0.7 Transmutations
 + Level 6.3 Earth Magic


You had 13 spell levels left.
You knew the following spells:

 Your Spells              Type           Power        Failure   Level  Hunger
a - Sandblast             Erth           ####..       1%          1    None
b - Stoneskin             Trmt/Erth      ###.....     4%          2    None
c - Stone Arrow           Conj/Erth      ###...       4%          3    ##.....


Dungeon Overview and Level Annotations

Branches:
Dungeon (5/15)
 Temple: D:4-7

Altars:

Annotations:
D:4 youngkai's ghost, amateur MiBe


Innate Abilities, Weirdness & Mutations

You are resistant to torment.
Your stone body is resilient (AC +5).
You are immune to poison.
You resist negative energy.
You are resistant to electric shocks.
You can survive without breathing.
You are immune to petrification.
You are immune to rotting.


Message History

Press: ? - help, Shift-Dir - straight line, f/p - scorpion
Aim: a scorpion (lightly wounded)
The blast of sand hits the scorpion.
The scorpion is moderately wounded.
The scorpion stings you but does no damage.
You barely miss the scorpion.
The scorpion is moderately wounded.
The scorpion stings you.
* * * LOW HITPOINT WARNING * * *
The scorpion stings you but does no damage.
You barely miss the scorpion.
The scorpion is moderately wounded.
The scorpion barely misses you.
You barely miss the scorpion.
The scorpion is moderately wounded.
The scorpion completely misses you.
You sock the scorpion!
The scorpion is severely wounded.
The scorpion stings you.
You die...

#.####.#.....##
#.####........## #.
#..............# #.
#.......^......+
.###.#.#..........#
..#..#[#.........##
#.#..<..........##
#.#..###.#.#...##
#.#..###.#.##@##
#..........##s#
####.########)# #.#
#.. #.# ... #.#
.... #.# .... #..
##.... ###


You could see a scorpion.

Vanquished Creatures
  A sky beast (D:4)
  Blork the orc (D:5)
  A scorpion (D:4)
  The ghost of asdu the Ducker, a weakling SpBe of Trog (D:4)
  A crimson imp (D:3)
  2 hounds
  2 orc priests (D:5)
  2 giant frog skeletons (D:4)
  An iguana (D:4)
  3 orc wizards
  3 worker ants
  11 adders
  An ooze (D:3)
  3 worms
  An adder skeleton (D:3)
  6 giant geckos
  6 orcs
  9 bats
  10 hobgoblins
  9 jackals
  4 ball pythons
  9 giant cockroaches
  4 giant newts
  4 goblins
  5 kobolds
  8 rats
108 creatures vanquished.

Notes
Turn   | Place    | Note
--------------------------------------------------------------
     0 | D:1      | mrath the Gargoyle Earth Elementalist began the quest for the Orb.
     0 | D:1      | Reached XP level 1. HP: 10/10 MP: 3/3
   820 | D:1      | Reached XP level 2. HP: 15/15 MP: 1/5
  1297 | D:2      | Reached XP level 3. HP: 15/19 MP: 2/7
  2135 | D:2      | Reached skill level 4 in Earth Magic
  2391 | D:2      | Reached XP level 4. HP: 8/24 MP: 6/9
  2893 | D:2      | Learned a level 2 spell: Stoneskin
  2897 | D:2      | Learned a level 3 spell: Stone Arrow
  3167 | D:3      | Reached XP level 5. HP: 24/28 MP: 4/10
  3390 | D:3      | Reached skill level 1 in Conjurations
  3631 | D:3      | Found a faded altar to an unknown god.
  3873 | D:3      | Reached skill level 5 in Earth Magic
  4124 | D:4      | Reached XP level 6. HP: 32/32 MP: 9/12
  4128 | D:4      | Noticed a phantom
  4492 | D:4      | Noticed youngkai's ghost (amateur MiBe)
  4744 | D:4      | Reached skill level 5 in Spellcasting
  5000 | D:4      | Noticed asdu's ghost (weakling SpBe)
  5002 | D:4      | Killed asdu's ghost
  5037 | D:4      | Reached XP level 7. HP: 29/36 MP: 14/14
  6693 | D:5      | Entered Level 5 of the Dungeon
  6693 | D:5      | Noticed Blork the orc
  6705 | D:5      | Killed Blork the orc
  6705 | D:5      | Reached skill level 6 in Earth Magic
  7057 | D:5      | Reached XP level 8. HP: 4/41 MP: 7/17
  7062 | D:5      | HP: 2/41 [scorpion (3)]
  7067 | D:5      | HP: 1/41 [scorpion (1)]
  7070 | D:5      | Slain by a scorpion

Vault maps used:
D:1:      dpeg_arrival_round_b, minmay_cut_off
D:2:      minmay_door_path
D:3:      ecumenical_altar_1, hex_tiny
D:4:      kennysheep_big_flooded_room, gup_sewer_entry_pipe, first_bread
D:5:      lemuel_zombie_altar_yredelemnul, uniq_blork_the_orc

Action                   |  1- 3 |  4- 6 |  7- 9 || total
-------------------------+-------+-------+-------++-------
Melee: Short sword       |     9 |       |       ||     9
       Mace              |    28 |    85 |    92 ||   205
       Whip              |       |       |     8 ||     8
 Cast: Sandblast         |    52 |    96 |    33 ||   181
       Stoneskin         |       |       |     2 ||     2
 Stab: Distracted        |     1 |       |     1 ||     2
       Sleeping          |       |     2 |       ||     2
  Eat: Chunk             |     3 |     3 |     1 ||     7
       Beef jerky        |     1 |       |       ||     1
       Bread ration      |       |     2 |       ||     2
       Royal jelly       |       |       |     1 ||     1
       Fruit             |       |       |     1 ||     1
